Unix NetHack Version 5.0.0-0 post-release - last build May 31 2026 23:59:36 (970b52f25bf058293b47ddfd14a1e40e571c508c,branch:main).

Game began 2026-06-08 14:01:14, ended 2026-06-08 15:14:03.

Drastanta, lawful male human Samurai

                            G                               G
                                                                  G


          G

                                        G
                                    G     -Gs                h         G
                        Gh  G             |@.
                                          -..              k

                                   u
                     u

Drastanta the Ninja    St:4 Dx:16 Co:18 In:13 Wi:8 Ch:7  Lawful
Dlvl:11 $:57 HP:0(71) Pw:20(20) AC:-1 Xp:7 T:3743  Fainted  Blind Deaf Lev

Latest messages:
 Never mind.
 What do you want to remove? [gC or ?*] g
 You were wearing an uncursed ring of levitation (on right hand).
 You float gently to the stairs.
 Your movements are slowed slightly because of your load.
 You fall down the stairs.
 You kill the gnome!
 What do you want to put on? [fg or ?*] g
 You start to float in the air!
 Your movements are now unencumbered.
 g - an uncursed ring of levitation (on right hand).
 What do you want to put on? [f or ?*] f
 You are now wearing a blindfold.
 You can't see any more.
 A kobold suddenly appears!
 You hit the gnome lord.
 The gnome lord misses!
 You miss the gnome lord.
 You hit the gnome lord.
 The gnome lord hits!
 You hit the gnome lord.
 You hit the gnome lord.
 You kill the gnome lord!
 You faint from lack of food.
 You regain consciousness.
 You hit the gnomish wizard.
 You hear a mumbled curse.
 You hit the gnomish wizard.
 You hear crashing rock.
 You hear crashing rock.
 You hit the gnomish wizard.
 You hit the gnomish wizard.
 The giant spider bites!
 You faint from lack of food.
 The giant spider bites!
 The giant spider bites!
 The giant spider bites!
 The giant spider bites!
 The giant spider bites!
 The giant spider bites!
 The giant spider's bite was poisoned!
 The giant spider misses!
 The giant spider bites!
 The giant spider bites!
 The giant spider bites!
 A white unicorn suddenly appears!
 The giant spider bites!
 You die...
 Do you want your possessions identified? [ynq] (y) y
 Do you want to see your attributes? [ynq] (y) q

Inventory:
 Coins    ('$')
  $ - 57 gold pieces
 Weapons  (')')
  a - a +0 katana (weapon in right hand)
 Armor    ('[')
  p - an uncursed +0 dwarvish iron helm (being worn)
  l - an uncursed +0 pair of jumping boots (being worn)
  E - an uncursed +0 cloak of displacement
  I - an uncursed +0 cloak of invisibility
  F - an uncursed +1 cloak of magic resistance (being worn)
  e - an uncursed rustproof +0 splint mail (being worn)
 Scrolls  ('?')
  G - an uncursed scroll of amnesia
  o - an uncursed scroll of stinking cloud
 Potions  ('!')
  n - a blessed potion of fruit juice
  H - a cursed potion of gain ability
  i - a blessed potion of restore ability
  h - an uncursed potion of sickness
  t - an uncursed potion of sleeping
 Rings    ('=')
  g - an uncursed ring of levitation (on right hand)
  C - an uncursed ring of stealth (on left hand)
 Wands    ('/')
  D - a wand of digging (0:3)
  u - a wand of magic missile (0:4)
  B - a wand of teleportation (0:4)
 Tools    ('(')
  f - an uncursed blindfold (being worn)
  s - an uncursed skeleton key
  y - an uncursed tallow candle

Drastanta the Samurai's attributes:

Background:
 You were a Ninja, a level 7 male human Samurai.
 You were lawful, on a mission for Amaterasu Omikami
 who was opposed by Raijin (neutral) and Susanowo (chaotic).
 You were right-handed.
 You were in the Gnomish Mines, on level 11.
 You entered the dungeon 3743 turns ago.
 You had 690 experience points, 590 more were needed to attain level 8.

Basics:
 You had 0 out of 71 hit points.
 You had all 20 energy points (spell power).
 Your armor class was -1.
 Your wallet contained 57 zorkmids.
 Autopickup was on for '$' plus thrown.

Final Characteristics:
 Your strength was 4 (base:5, peak:13, limit:18/100).
 Your dexterity was 16 (limit:18).
 Your constitution was 18 (limit:18).
 Your intelligence was 13 (limit:18).
 Your wisdom was 8 (peak:9, limit:18).
 Your charisma was 7 (limit:18).

Final Status:
 You were levitating.
 You were deliberately blind.
 You were deaf.
 You were fainted due to starvation.
 You were unencumbered.
 You were wielding a long sword.
 You were skilled in long sword.

Final Attributes:
 You were piously aligned.
 You were magic-protected.
 You were telepathic.
 You were stealthy.
 You could jump.
 You were warded.
 You were fast.
 You were unlucky.
 Amaterasu Omikami was angry with you.
 You are dead.

Miscellaneous:
 You didn't encounter any bones levels.
 Total elapsed playing time was 1 hour, 12 minutes and 49 seconds.

Major events:
 Turn
    1: Drastanta the lawful male human Samurai entered the dungeon
  726: attained the rank of Ronin (level 3)
 1507: entered the Gnomish Mines
 2233: attained the rank of Ninja (level 6)
 2377: reached Mine Town
 3743: killed by a giant spider, while fainted from lack of food

You didn't know any spells.

Skills:
 Fighting Skills
   martial arts      [Basic]
   two weapon combat [Unskilled]
   riding            [Unskilled]
 Weapon Skills
   dagger            [Unskilled]
   knife             [Unskilled]
   short sword       [Basic]
   broadsword        [Unskilled]
   long sword        [Skilled]
   two-handed sword  [Unskilled]
   saber             [Unskilled]
   flail             [Unskilled]
   quarterstaff      [Unskilled]
   polearms          [Unskilled]
   spear             [Unskilled]
   lance             [Unskilled]
   bow               [Basic]
   shuriken          [Unskilled]
 Spellcasting Skills
   attack spells     [Unskilled]
   divination spells [Unskilled]
   clerical spells   [Unskilled]

Voluntary challenges:
 Character rerolling was not enabled.
 You never genocided any monsters.
 You never polymorphed an object.
 You never changed form.
 You used no wishes.
Achievements:
 You attained the rank of Ronin.
 You entered the Gnomish Mines.
 You attained the rank of Ninja.
 You entered Minetown.
 You entered a temple.
 You entered a shop.

 The Dungeons of Doom: levels 1 to 4
    Level 1:
    Level 2:
       A fountain, a sink.
    Level 3:
    Level 4:
       A fountain.
       Stairs down to The Gnomish Mines.
 The Gnomish Mines: levels 5 to 11
    Level 5:
    Level 6:
    Level 7:
    Level 8:
       Many shops, a temple and an altar, some fountains.
    Level 9:
    Level 10:
    Level 11: <- You were here.
       Final resting place for
          you, killed by a giant spider, while fainted from lack of food.


Vanquished creatures:
  a small mimic
  2 giant spiders
  2 gnome rulers
  a raven
  3 human zombies
  a soldier ant
  a bugbear
  2 rock piercers
  a yellow light
  a shrieker
 11 gnome leaders
  2 gnomish wizards
  2 giant ants
  a little dog
  a floating eye
  2 dwarves
  2 homunculi
  a kobold leader
  a hill orc
  a rothe
  a centipede
  a giant bat
  2 dwarf zombies
  2 iguanas
  2 coyotes
  a gas spore
  a hobgoblin
 44 gnomes
  3 geckos
  2 jackals
  a fox
  3 kobolds
  a goblin
  2 sewer rats
  a grid bug
  2 bats
  6 lichens
  6 newts
120 creatures vanquished.

No species were genocided or became extinct.

Game over:
                       ----------
                      /          \
                     /    REST    \
                    /      IN      \
                   /     PEACE      \
                  /                  \
                  |    Drastanta     |
                  |      57 Au       |
                  |   killed by a    |
                  |   giant spider   |
                  |                  |
                  |                  |
                  |       2026       |
                 *|     *  *  *      | *
        _________)/\\_//(\/(/\)/\//\/|_)_______

Sayonara Drastanta the Samurai...

You died in The Gnomish Mines on dungeon level 11 with 4730 points,
and 57 pieces of gold, after 3743 moves.
You were level 7 with a maximum of 71 hit points when you died.

